 Dungeon Sprint DCSS version 0.16-a0-3706-g5dff784 (webtiles) character file.

19581 BluebellGnoll the Peltast (level 13, -69/106 HPs)
             Began as a Formicid Gladiator on Jan 19, 2015.
             Was the Champion of Makhleb.
             Killed from afar by Lyhoydd the pandemonium lord (89 damage)
             ... with a great icy blast
             ... in the Dungeon (Sprint V: "Ziggurat Sprint").
             The game lasted 00:18:50 (963 turns).

BluebellGnoll the Peltast (Formicid Gladiator)       Turns: 963, Time: 00:18:50

Health: -69/106    AC: 31    Str: 32    XL:     13   Next: 5%
Magic:  30/30      EV: 10    Int:  9    God:    Makhleb [******]
Gold:   0          SH: 36    Dex: 29    Spells: 4 memorised, 3 levels left

rFire  + . .     SeeInvis +     J - +5 demon trident (freeze)
rCold  . . .     Clarity  .     m - +15 Maxwell's patent armour {-Cast -Tele rElec MR+ rCorr} (curse)
rNeg   + + .     SustAb   .     n - +18 shield of the gong {rElec rN+ MR+ EV-5}
rPois  .         Gourm    .     (helmet unavailable)
rElec  +         Spirit   .     (no cloak)
rCorr  +         Warding  +     (no gloves)
rMut   .         Stasis   +     E - +1 pair of boots of the Alphagorgon {Str+6 Dex+4 SInv}
MR     +++..     NoCast   +     Q - amulet of warding
Stlth  ..........               R - ring of Trepidation {+cTele rF+}
                                l - +6 ring of dexterity

@: mighty, agile, frozen, very slightly contaminated, studying 3 skills,
invisible, very slow, extremely resistant to hostile enchantments, extremely
unstealthy
A: permanent stasis, dig shafts and tunnels, four strong arms, antennae 3
a: Dig, Minor Destruction, Lesser Servant of Makhleb, Major Destruction, Greater
Servant of Makhleb, Renounce Religion, Evoke Teleport Control


You were in the Dungeon.
You worshipped Makhleb.
Makhleb was exalted by your worship.
You were hungry.

You visited 1 branch

Inventory:

Hand weapons
 o - the cursed +13 Scythe of Curses {drain, Curse}
   (You found it in the Dungeon)

   A truly terrible weapon, it drains the life of those it strikes.
   It may recurse itself when equipped.
   It has a curse placed upon it.
 q - the +8 lance "Wyrmbane" {slay drac, +Rage rPois+ rF+ AC+5}
   (You found it in the Dungeon)

   It affects your AC (+5).
   It protects you from fire.
   It protects you from poison.
   It lets you go berserk.
 I - a +5 bardiche
 J - a +5 demon trident of freezing (weapon)
Missiles
 d - 4 throwing nets (quivered)
Armour
 b - a +0 leather armour
 m - the cursed +15 Maxwell's patent armour (worn) {-Cast -Tele rElec MR+ rCorr}
   (You found it in the Dungeon)

   It insulates you from electricity.
   It affects your resistance to hostile enchantments.
   It prevents spellcasting.
   It prevents most forms of teleportation.
   It protects you from acid and corrosion.
   It has a curse placed upon it.
 n - the +18 shield of the gong (worn) {rElec rN+ MR+ EV-5}
   (You found it in the Dungeon)

   It affects your evasion (-5).
   It insulates you from electricity.
   It protects you from negative energy.
   It affects your resistance to hostile enchantments.
 E - the +1 pair of boots of the Alphagorgon (worn) {Str+6 Dex+4 SInv}
   (You found it in the Dungeon)

   It affects your strength (+6).
   It affects your dexterity (+4).
   It enhances your eyesight.
 H - a +5 gold dragon armour
Rods
 S - a +5 lightning rod (10/10)
   (You found it in the Dungeon)
Jewellery
 l - a +6 ring of dexterity (left hand)
 p - a +6 ring of strength
 K - an uncursed ring of protection from magic
 Q - an amulet of warding (around neck)
 R - the ring of Trepidation (right hand) {+cTele rF+}
   (You found it in the Dungeon)

   [ring of teleport control]

   It can be evoked for teleport control.
   It protects you from fire.
Magical devices
 c - a wand of disintegration (5)
 h - a wand of fire (0)
 j - a wand of cold (1)
 k - a wand of draining (5)
 L - a wand of hasting (3)
Scrolls
 t - 4 scrolls of amnesia
 u - 2 scrolls of recharging
 v - 6 scrolls of fog
 w - a scroll of holy word
 x - 5 scrolls of identify
 y - 5 scrolls of remove curse
 z - 2 scrolls of fear
Potions
 e - 10 potions of curing
 g - 7 potions of heal wounds
 i - 7 potions of magic
 A - 2 potions of brilliance
 B - a potion of invisibility
 C - 2 potions of restore abilities
 D - 4 potions of resistance
 F - 3 potions of agility
 G - 3 potions of might
Books
 M - a book of Battle

   Spells                             Type                      Level
   a - Infusion                       Charms                       1
   b - Shroud of Golubria             Charms/Translocation         2
   c - Song of Slaying                Charms                       2
   d - Spectral Weapon                Hexes/Charms                 3
   e - Regeneration                   Charms/Necromancy            3
 N - a manual of Crossbows
 O - a manual of Hexes
 T - a manual of Long Blades
Miscellaneous
 a - a fan of gales (-1 inert)
 U - a box of beasts
Comestibles
 f - 5 bread rations
 r - 42 fruits
 s - 4 meat rations
 P - 9 chunks of flesh


   Skills:
 - Level 11.2 Fighting
 - Level 17.8 Polearms
 - Level 1.5 Throwing
 - Level 8.0 Armour
 - Level 2.6 Dodging
 - Level 18.8 Shields
 - Level 13.1 Invocations
 + Level 14.3 Evocations


You had 3 spell levels left.
You knew the following spells:

 Your Spells              Type           Power        Failure   Level  Hunger
a - Shroud of Golubria    Chrm/Tloc      #.........   100%        2    ###....
b - Song of Slaying       Chrm           #.......     100%        2    ###....
c - Regeneration          Chrm/Necr      #.........   100%        3    ####...
d - Repel Missiles        Chrm/Air       #.....       100%        2    ###....


Dungeon Overview and Level Annotations

Branches:
Dungeon (1/1)

Altars:
Ashenzari
Cheibriados
Dithmenos
Elyvilon
Fedhas
Gozag
Kikubaaqudgha
Makhleb
Nemelex Xobeh
Okawaru
Qazlal
Ru
Sif Muna
Trog
Vehumet
Xom
Yredelemnul
Zin
The Shining One
Beogh
Jiyva
Lugonu


Innate Abilities, Weirdness & Mutations

You are under a permanent stasis effect.
You can dig through walls and to a lower floor.
Your four strong arms can wield two-handed weapons with a shield.
You have a pair of large antennae on your head (SInv).


Message History

Unknown command.
You impale the smoke demon!! You freeze the smoke demon!
You kill the smoke demon!
Your air elemental merges itself into the air.
Your air elemental forms itself from the air!
Your air elemental hits the red devil.
You block the red devil's attack.
BONNNG!
Lyhoydd casts a spell at you.
Lyhoydd conjures a mighty blast of ice!
The great icy blast engulfs your air elemental.
Your air elemental is destroyed!
The great icy blast engulfs you!
Ouch! That really hurt!
* * * LOW HITPOINT WARNING * * *
You are encased in ice.
You are engulfed in freezing vapours.
Lyhoydd casts a spell at you.
Lyhoydd conjures a mighty blast of ice!
The great icy blast engulfs you!
Ouch! That really hurt!
You die...

.8© ▓...8©8...▓
▓..:"[§=. ▓..=...)..▓
▓..§|}||..▓....)[)..▓
▓.b.......▓.........▓
▓..b.§...b▓.........▓
▓.........▓.........▓
▓.........▓....)....▓
▓b..&4.4..▓.▓.....▓.▓
▓.▓§@§§.▓.▓.........▓
▓..§§§§§§b▓▓▓▓▓▓▓▓▓▓▓
▓▓▓▓▓▓▓▓▓▓▓


{{{{{{{{ {{{{{{{{{ {{{{{{{{ {{{{{{{ {{{{{{{ {{{ You could see Lyhoydd and 2 red
devils.

Vanquished Creatures
  2 pandemonium lords (D)
  A cacodemon (D)
  A deep elf death mage (D)
  A crystal guardian (D)
  A green death (D)
  2 vault guards (D)
  A great orb of eyes (D)
  A centaur warrior (D)
  A deep elf knight (D)
  A wretched star (D)
  A putrid demonspawn (D)
  A deep elf conjurer (D)
  A sixfirhy (D)
  A rust devil (D)
  A smoke demon (D)
  A yaktaur (D)
  A red devil (D)
  2 merfolk (D)
  2 ynoxinuls (D)
  A golden eye (D)
  An insubstantial wisp (D)
  A neqoxec (D)
  3 hell hounds (D)
  2 orc warriors (D)
  A jelly (D)
  6 crimson imps (D)
  3 quasits (D)
  3 orc wizards (D)
  2 iron imps (D)
  A white imp (D)
  2 shadow imps (D)
  2 giant eyeballs (D)
  4 ufetubi (D)
  An adder zombie (D)
  2 adder skeletons (D)
  2 oozes (D)
  2 orcs (D)
  A giant cockroach zombie (D)
  A giant gecko skeleton (D)
  A giant gecko zombie (D)
  A jackal zombie (D)
  14 butterflies (D)
  A fungus (D)
81 creatures vanquished.

Vanquished Creatures (collateral kills)
  A ynoxinul (D)
  2 ufetubi (D)
3 creatures vanquished.

Vanquished Creatures (others)
  3 air elementals (D)
  A lost soul (D)
4 creatures vanquished.

Grand Total: 88 creatures vanquished

Notes
Turn   | Place    | Note
--------------------------------------------------------------
     0 | D        | BluebellGnoll, the Formicid Gladiator, began the quest for the Orb.
     0 | D        | Reached XP level 1. HP: 16/16 MP: 1/1
     0 | D        | Found a viscous altar of Jiyva.
     0 | D        | Found a corrupted altar of Lugonu.
     0 | D        | Found a white marble altar of Elyvilon.
     2 | D        | Found a sparkling altar of Nemelex Xobeh.
     2 | D        | Found a burning altar of Makhleb.
     3 | D        | Found a deep blue altar of Sif Muna.
     3 | D        | Found a bloodstained altar of Trog.
     6 | D        | Found an iron altar of Okawaru.
    17 | D        | Found a radiant altar of Vehumet.
    22 | D        | Became a worshipper of Makhleb the Destroyer
    24 | D        | Found a basalt altar of Yredelemnul.
    25 | D        | Found a shimmering altar of Xom.
    58 | D        | Reached skill level 8 in Armour
    58 | D        | Reached XP level 2. HP: 22/22 MP: 3/3
    62 | D        | Entered arena 1.
    62 | D        | Noticed a merfolk
    62 | D        | Noticed a merfolk
    70 | D        | Killed a merfolk
    70 | D        | Reached skill level 10 in Polearms
    70 | D        | Reached XP level 3. HP: 20/27 MP: 4/4
    70 | D        | Reached XP level 4. HP: 24/33 MP: 5/5
    70 | D        | Reached XP level 5. HP: 27/38 MP: 7/7
    70 | D        | Reached XP level 6. HP: 31/44 MP: 8/8
    79 | D        | Killed a merfolk
    79 | D        | Acquired Makhleb's first power
    79 | D        | Reached skill level 12 in Polearms
    79 | D        | Reached XP level 7. HP: 35/50 MP: 9/9
    85 | D        | Got the +1 pair of boots of the Alphagorgon {Str+6 Dex+4 SInv}
    93 | D        | Identified the Reference Book on the Compass (You found it in the Dungeon)
   171 | D        | Entered arena 2.
   171 | D        | Noticed a quasit
   171 | D        | Noticed a red devil
   181 | D        | Killed a quasit
   181 | D        | Reached skill level 1 in Shields
   189 | D        | Killed a red devil
   189 | D        | Acquired Makhleb's second power
   189 | D        | Reached skill level 5 in Fighting
   189 | D        | Reached XP level 8. HP: 56/62 MP: 11/11
   219 | D        | Entered arena 3.
   219 | D        | Noticed a deep elf conjurer
   219 | D        | Noticed a deep elf knight
   219 | D        | Noticed a deep elf death mage
   242 | D        | Killed a deep elf conjurer
   245 | D        | Killed a deep elf death mage
   245 | D        | Reached skill level 10 in Fighting
   245 | D        | Reached XP level 9. HP: 46/78 MP: 12/12
   260 | D        | Killed a ghostly deep elf knight
   260 | D        | Acquired Makhleb's third power
   260 | D        | Reached skill level 13 in Shields
   281 | D        | Learned a level 2 spell: Shroud of Golubria
   284 | D        | Learned a level 2 spell: Song of Slaying
   288 | D        | Learned a level 3 spell: Regeneration
   540 | D        | Entered arena 4.
   540 | D        | Noticed a crimson imp
   540 | D        | Noticed a sixfirhy
   540 | D        | Noticed Zaijal the pandemonium lord
   540 | D        | Noticed an iron imp
   541 | D        | Noticed a great orb of eyes
   544 | D        | Killed a crimson imp
   544 | D        | Reached skill level 1 in Invocations
   550 | D        | Killed an iron imp
   561 | D        | Killed Zaijal the pandemonium lord
   561 | D        | Acquired Makhleb's fourth power
   561 | D        | Reached skill level 16 in Polearms
   561 | D        | Reached XP level 10. HP: 88/88 MP: 15/27
   561 | D        | Reached XP level 11. HP: 93/93 MP: 15/28
   568 | D        | Killed a sixfirhy
   568 | D        | Reached skill level 17 in Polearms
   577 | D        | Identified Qepuponk's Guide on Aerial Battle Magic (You found it in the Dungeon)
   580 | D        | Learned a level 2 spell: Repel Missiles
   583 | D        | Entered arena 5.
   583 | D        | Noticed a golden eye
   583 | D        | Noticed a jelly
   586 | D        | Killed a jelly
   589 | D        | Acquired Makhleb's fifth power
   593 | D        | Killed a golden eye
   602 | D        | Entered arena 6.
   602 | D        | Noticed a crimson imp
   602 | D        | Noticed a wretched star
   602 | D        | Noticed an insubstantial wisp
   602 | D        | Noticed an iron imp
   602 | D        | Noticed a crimson imp
   607 | D        | Killed an insubstantial wisp
   608 | D        | Killed a crimson imp
   627 | D        | Killed a wretched star
   629 | D        | Killed a crimson imp
   635 | D        | Killed an iron imp
   743 | D        | Entered arena 7.
   743 | D        | Noticed a vault guard
   743 | D        | Noticed a crystal guardian
   743 | D        | Noticed a great orb of eyes
   743 | D        | Noticed a vault guard
   743 | D        | Noticed a yaktaur
   743 | D        | Noticed a centaur warrior
   752 | D        | Killed a vault guard
   757 | D        | Killed a vault guard
   757 | D        | Reached skill level 15 in Shields
   761 | D        | Killed a crystal guardian
   761 | D        | Reached XP level 12. HP: 100/100 MP: 29/29
   764 | D        | Killed a centaur warrior
   766 | D        | Killed a great orb of eyes
   770 | D        | Killed a yaktaur
   770 | D        | Reached skill level 18 in Shields
   787 | D        | Entered arena 8.
   787 | D        | Noticed an orc warrior
   787 | D        | Noticed an orc wizard
   787 | D        | Noticed an orc warrior
   787 | D        | Noticed an orc wizard
   787 | D        | Noticed an orc wizard
   793 | D        | Killed an orc warrior
   796 | D        | Killed an orc wizard
   801 | D        | Killed an orc wizard
   802 | D        | Killed an orc wizard
   805 | D        | Killed an orc warrior
   821 | D        | Got the amulet "Smyegil" {Faith +Inv Dex+6}
   826 | D        | Got the ring of Trepidation {+cTele rF+}
   827 | D        | Entered arena 9.
   827 | D        | Noticed a crimson imp
   827 | D        | Noticed a hell hound
   827 | D        | Noticed a hell hound
   827 | D        | Noticed a quasit
   832 | D        | Killed a hell hound
   836 | D        | Killed a hell hound
   837 | D        | Killed a quasit
   839 | D        | Killed a crimson imp
   867 | D        | Entered arena 10.
   867 | D        | Noticed a hell hound
   867 | D        | Noticed a quasit
   867 | D        | Noticed a crimson imp
   876 | D        | Killed a hell hound
   878 | D        | Killed a crimson imp
   882 | D        | Killed a quasit
   907 | D        | Entered arena 11.
   907 | D        | Noticed a cacodemon
   907 | D        | Noticed a ynoxinul
   907 | D        | Noticed a rust devil
   907 | D        | Noticed Lyhoydd the pandemonium lord
   907 | D        | Noticed a neqoxec
   907 | D        | Noticed Qunot the pandemonium lord
   907 | D        | Noticed a putrid demonspawn
   907 | D        | Noticed a ynoxinul
   908 | D        | Noticed a green death
   908 | D        | Noticed a ynoxinul
   916 | D        | Killed a putrid demonspawn
   922 | D        | Killed a ynoxinul
   922 | D        | Reached skill level 5 in Evocations
   927 | D        | Killed a ynoxinul
   928 | D        | Gained mutation: You are weak. (Str -2) [a cacodemon]
   929 | D        | Killed a rust devil
   930 | D        | Lost mutation: You are weak. (Str -2) [a cacodemon]
   934 | D        | Killed a cacodemon
   941 | D        | Killed a ynoxinul
   941 | D        | Reached skill level 10 in Evocations
   944 | D        | Killed a neqoxec
   946 | D        | Killed a green death
   961 | D        | Killed Qunot the pandemonium lord
   961 | D        | Reached XP level 13. HP: 76/106 MP: 30/30
   963 | D        | Killed from afar by Lyhoydd the pandemonium lord

Action                   |  1- 3 |  4- 6 |  7- 9 | 10-12 | 13-15 || total
-------------------------+-------+-------+-------+-------+-------++-------
Melee: Demon trident     |     8 |     9 |    24 |   171 |     1 ||   213
       Bardiche          |       |       |    21 |       |       ||    21
Evoke: Wand              |       |       |    19 |     2 |       ||    21
       Fan of gales      |       |       |       |     2 |       ||     2
  Use: Potion            |     1 |       |     2 |     6 |       ||     9
       Scroll            |       |       |     1 |     2 |       ||     3
 Stab: Invisible         |       |       |       |     4 |       ||     4
